 Dungeon Crawl Stone Soup version 0.31-a0-506-g3d79149578 (webtiles) character file.

Game seed: 11279789747586430355

14 Ethylacetat the Ducker (level 2, -1/19 HPs)
             Began as an Octopode Gladiator on Aug 9, 2023.
             Slain by a ball python (3 damage)
             ... on level 1 of the Dungeon.
             The game lasted 00:00:22 (202 turns).

Ethylacetat the Ducker (Octopode Gladiator)          Turns: 202, Time: 00:00:22

Health: -1/19      AC:  1    Str: 13    XL:     2   Next: 41%
Magic:  2/2        EV: 14    Int: 10    God:
Gold:   10         SH:  0    Dex: 13    Spells: 1/1 levels left

rFire   . . .        a - +0 long sword
rCold   . . .        (no shield)
rNeg    . . .        b - +0 hat
rPois   .            (no amulet)
rElec   .            (no ring)
rCorr   .            (no ring)
SInv    .            (no ring)
Will    .....        (no ring)
Stlth   +++          (no ring)
HPRegen 0.23/turn    (no ring)
MPRegen 0.08/turn    (no ring)
                     (no ring)

%: no passive effects
@: no status effects
A: almost no armour, amphibious, 8 rings, camouflage 1, gelatinous body 1,
(nimble swimmer 1), tentacles
a: no special abilities


You were on level 1 of the Dungeon.
You visited 1 branch of the dungeon, and saw 1 of its levels.

You collected 10 gold pieces.

Inventory:

Hand Weapons
 a - a +0 long sword (weapon)
Missiles
 c - 3 throwing nets (quivered)
 d - a javelin
Armour
 b - a +0 hat (worn)


   Skills:
 + Level 2.3 Fighting
 - Level 3.0 Long Blades
 - Level 2.0 Throwing
 + Level 3.2 Dodging
 + Level 1.6 Stealth


You had one spell level left.
You didn't know any spells.
Your spell library was empty.

Dungeon Overview and Level Annotations

Branches:
Dungeon (1/15)

Altars:


Innate Abilities, Weirdness & Mutations

You cannot wear most types of armour.
You are amphibious.
You can wear up to eight rings at the same time.
Your skin changes colour to match your surroundings (Stealth+).
Your rubbery body absorbs attacks. (AC +1, EV +1)
((You are camouflaged when in or above water. (Stealth+)))
You have tentacles for arms and can constrict up to eight enemies at once.


Message History

You slash the bat!
You kill the bat!
The bat hits you. The quokka misses you. The rat barely misses you.
You closely miss the bat. You grab the bat. You constrict the bat.
The bat completely misses you.
The bat struggles to escape constriction.
The bat escapes!
The quokka bites you. The rat closely misses you.
You closely miss the bat. Your grab misses the bat.
The bat is severely wounded.
The bat hits you. The quokka closely misses you. The rat bites you.
The quokka misses you.
You closely miss the quokka. You grab the quokka. You constrict the quokka.
The bat barely misses you. The rat completely misses you. The quokka bites you.
The rat bites you.
* * * LOW HITPOINT WARNING * * *
The quokka barely misses you.
You are too injured to fight recklessly!
You are too injured to fight recklessly!
You are too injured to fight recklessly!
You are too injured to fight recklessly!
You are too injured to fight recklessly!
You hit the quokka.
You kill the quokka!
The bat hits you.
* * * LOW HITPOINT WARNING * * *
The rat bites you.
* * * LOW HITPOINT WARNING * * *
You hit the bat but do no damage. Your grab misses the bat.
You squeeze the bat.
You kill the bat!
The rat closely misses you. The rat barely misses you.
You slash the kobold!
You kill the kobold!
The rat completely misses you.
You see here a +0 short sword.
You closely miss the ball python. Your grab misses the ball python.
Your squeeze misses the ball python. The rat bites you but does no damage.
The ball python bites you.
You die...

.# #..
♣.......... ##
#...
♣.#$###.###
..#♣ ♣♣....#
### ♣.....#
♣♣#.....#
#.#.....#
#......##
########......#
.......@r.†...#
..#####.S.....#
#....$.....
#.......#.#
##.....#.##
#.>..###.#
#.#### #. ..


You could see a ball python and a rat.

Vanquished Creatures
  A dart slug (D:1)
  3 bats (D:1)
  2 goblins (D:1)
  A quokka (D:1)
  2 ball pythons (D:1)
  2 kobolds (D:1)
  A rat (D:1)
12 creatures vanquished.

Notes
Turn   | Place    | Note
-------+----------+-------------------------------------------
     0 | D:1      | Ethylacetat the Octopode Gladiator began the quest for the
                  | Orb.
     0 | D:1      | Reached XP level 1. HP: 14/14 MP: 1/1
   108 | D:1      | Reached skill level 1 in Stealth
   112 | D:1      | Reached XP level 2. HP: 19/19 MP: 2/2
   202 | D:1      | Slain by a ball python

Illustrated notes

Levels and vault maps discovered:
D:1:      dpeg_arrival_rooms_c, layout_loops_cross, serial_forest,
          infiniplex_forest_clump_long, infiniplex_forest_clump_curved,
          infiniplex_forest_fountain, infiniplex_forest_end_2,
          infiniplex_forest_straight_4, basic_ecumenical_altar

Skill      XL: |  1 |
---------------+----+-----
Stealth        | 1 |  1.6
Fighting       | |  2.3
Long Blades    | |  3.0
Throwing       | |  2.0
Dodging        | |  3.2

Action                     || total
---------------------------++-------
  Melee: Long sword        ||    21
         Constrict         ||     8
         Tentacles         ||     5
         Punch             ||     1
   Stab: Sleeping          ||     2
 Armour: Skin              ||     6
  Dodge: Dodged            ||    40

Table legend: (Time is in decaauts)
 A = Elapsed time spent in this place.
 B = Non-inter-level travel time spent in this place.
 C = Inter-level travel time spent in this place.
 D = Time resting spent in this place.
 E = Time spent auto-exploring this place.
 F = Levels seen in this place.
 G = Mean time per level.
                   A        B        C        D        E       F      G
               +--------+--------+--------+--------+--------+-----+--------+
         Total |    206 |    206 |      0 |      0 |    137 |   1 |  206.0 |
       Dungeon |    206 |    206 |      0 |      0 |    137 |   1 |  206.0 |
               +--------+--------+--------+--------+--------+-----+--------+

Top non-repeatable levels by time:
     D:1: 206 daAuts
